 Dungeon Crawl Stone Soup version 0.15-a0-60-g2d7d1c5 (webtiles) character file.

234 Egon the Skirmisher (level 4, -1/35 HPs)
             Began as a Demonspawn Abyssal Knight on Apr 6, 2014.
             Was a Believer of Lugonu.
             Slain by Crazy Yiuf
             ... wielding a +3,+3 quarterstaff of chaos
              (5 damage)
             ... while paralysed by Crazy Yiuf
             ... on Level 2 of the Dungeon.
             The game lasted 00:06:45 (1993 turns).

Egon the Skirmisher (Demonspawn Abyssal Knight)     Turns: 1993, Time: 00:06:45

HP  -1/35        AC  5     Str 13      XL: 4   Next: 10%
MP   6/6         EV  2     Int 13      God: Lugonu [**....]
Gold 160         SH  0     Dex 15      Spells:  0 memorised,  3 levels left

rFire  . . .     SeeInvis .     a - +1 mace
rCold  . . .     Clarity  .     l - +0 ring mail
rNeg   . . .     Conserve .     (no shield)
rPois  .         rCorr    .     (no helmet)
rElec  .         rRot     .     (no cloak)
SustAb . .       Spirit   .     (no gloves)
rMut   .         Warding  .     (no boots)
Saprov . . .     Stasis   .     (no amulet)
MR     .....                    (no ring)
                                (no ring)

@: paralysed, not resistant to hostile enchantments, unstealthy
A: thin skeletal structure 1
a: Depart the Abyss, Bend Space, Renounce Religion


You were on level 2 of the Dungeon.
You worshipped Lugonu.
Lugonu was pleased with you.
You were not hungry.

You visited 1 branch of the dungeon, and saw 2 of its levels.
You visited the Abyss 1 time.

You collected 160 gold pieces.

Inventory:

Hand weapons
 a - a +1,+1 mace (weapon)
Missiles
 e - 2 darts of frost (quivered)
Armour
 l - a +0 ring mail (worn)
Comestibles
 c - 4 bread rations
 k - a rotting chunk of hobgoblin flesh
 o - a meat ration
Scrolls
 d - 3 scrolls of magic mapping {unknown}
 h - 2 scrolls of identify {unknown}
 m - 2 scrolls of teleportation {unknown}
Potions
 f - a potion of degeneration {unknown}
 g - a potion of confusion {unknown}
 i - a potion of heal wounds {unknown}
 n - a potion of lignification {unknown}
 p - a potion of curing {unknown}


   Skills:
 + Level 3.5 Fighting
 + Level 2.4 Maces & Flails
 + Level 2.2 Armour
 + Level 1.6 Dodging
 + Level 3.2 Invocations


You had 3 spell levels left.
You didn't know any spells.

Dungeon Overview and Level Annotations

Branches:
Dungeon (2/15)

Altars:
Elyvilon
Okawaru

Annotations:
D:2 Crazy Yiuf


Innate Abilities, Weirdness & Mutations

You have a somewhat thin skeletal structure (Dex +2, Stealth).


Message History

Crazy Yiuf is moderately wounded.
Crazy Yiuf barely misses you. Crazy Yiuf hits you but does no damage.
You barely miss Crazy Yiuf.
Crazy Yiuf is moderately wounded.
Crazy Yiuf hits you with a quarterstaff of chaos.
Crazy Yiuf burns you.
You hit Crazy Yiuf.
Crazy Yiuf is moderately wounded.
Crazy Yiuf hits you with a quarterstaff of chaos!
You suddenly lose the ability to move!
Crazy Yiuf hits you with a quarterstaff of chaos!
Crazy Yiuf burns you.
* * * LOW HITPOINT WARNING * * *
Crazy Yiuf hits you with a quarterstaff of chaos.
* * * LOW HITPOINT WARNING * * *
Crazy Yiuf burns you.
* * * LOW HITPOINT WARNING * * *
Crazy Yiuf hits you but does no damage.
Crazy Yiuf hits you with a quarterstaff of chaos.
You die...

#.... #.#.###
#.## #..# ####
#.# ##.# ...# #.#
#.# ##.# #.# #.##
##.###.## ###
♣♣##..# ........#
#)))#♣ ♣♣.....#
##.###.##
#.))'g♣♣♣♣......#
##.# #.#
♣@)♣......## ...#
#.## ♣♣♣)♣)...##
#### #..#
♣♣♣♣♣### ##.# #.#
####.## ##.#...#
#....#.# ##.#...#


You could see Crazy Yiuf.

Vanquished Creatures
  2 adders (D:2)
  2 giant geckos
  A giant cockroach (D:1)
  9 goblins
  8 hobgoblins
  7 jackals (D:2)
  A quokka (D:2)
  6 bats
  3 giant newts
  5 kobolds
  6 rats
50 creatures vanquished.

Notes
Turn   | Place    | Note
--------------------------------------------------------------
     0 | Abyss:1  | Egon, the Demonspawn Abyssal Knight, began the quest for the Orb.
     0 | Abyss:1  | Reached XP level 1. HP: 18/18 MP: 1/1
    64 | Abyss:1  | Noticed an orange demon
    70 | Abyss:1  | Noticed a large abomination
    71 | D:1      | Escaped the Abyss
   206 | D:1      | Acquired Lugonu's first power
   365 | D:1      | Gained mutation: You have a somewhat thin skeletal structure (Dex +2, Stealth). [demonic ancestry]
   365 | D:1      | Reached XP level 2. HP: 17/24 MP: 2/2
   368 | D:1      | Reached skill level 1 in Dodging
  1005 | D:1      | Reached XP level 3. HP: 27/29 MP: 4/4
  1035 | D:1      | Acquired Lugonu's second power
  1614 | D:2      | Found an iron altar of Okawaru.
  1852 | D:2      | Found a white marble altar of Elyvilon.
  1902 | D:2      | Reached XP level 4. HP: 27/35 MP: 6/6
  1982 | D:2      | Noticed Crazy Yiuf
  1988 | D:2      | Paralysed by Crazy Yiuf for 7 turns
  1993 | D:2      | Slain by Crazy Yiuf

Action                   |  1- 3 |  4- 6 || total
-------------------------+-------+-------++-------
Melee: Mace              |   143 |     5 ||   148
Invok: Depart the Abyss  |     1 |       ||     1
  Use: Scroll            |       |     3 ||     3
 Stab: Sleeping          |     1 |       ||     1
